| TOP OF THE 1ST |
|
University of Nebraska Cornhuskers batting - Pitching for University of Maine Black Bears : LHP Mike Dempsey
|
|
Pitching: LHP Mike Dempsey
|
|
|
Batting: RHB Chris Anthony
|
0-0: Called Strike 0-1: Called Strike 0-2: Ball 1-2: SINGLE (Line Drive, 5D, EV 108.1 MPH)
|
|
Batting: RHB Zion Jones
|
0-0: Called Strike Chris Anthony is caught stealing 2nd base 2-4 0-1: Ball 1-1: Ball 2-1: Ground out 1-3 (Groundball, 15S, EV 70.0 MPH)
|
|
Batting: RHB Salvador Guillen
|
0-0: Foul Ball, location: 2F 0-1: Ball 1-1: Called Strike 1-2: Strikes out looking
|
| Top of the 1st over - 0 runs, 1 hit, 0 errors, 0 left on base; University of Nebraska 0 - University of Maine 0 |
| BOTTOM OF THE 1ST |
|
University of Maine Black Bears batting - Pitching for University of Nebraska Cornhuskers : RHP Du Kong
|
|
Pitching: RHP Du Kong
|
|
|
Batting: RHB Wang Huan
|
0-0: Called Strike 0-1: Called Strike 0-2: Ball 1-2: Ground out 4-3 (Groundball, 4, EV 90.0 MPH)
|
|
Batting: RHB Geoffrey Gonzalez
|
0-0: Ball 1-0: Swinging Strike 1-1: Ball 2-1: DOUBLE (Groundball, 5L, EV 103.1 MPH)
|
|
Batting: LHB Carlos Rivera
|
0-0: Ball 1-0: Foul Ball, location: 2F 1-1: Foul Ball, location: 2F 1-2: Strikes out looking
|
|
Batting: LHB Dave Aguilar
|
0-0: DOUBLE (Groundball, 5L, EV 98.8 MPH) Geoffrey Gonzalez scores
|
|
Batting: SHB Mario Barajas
|
0-0: Fly out, F7 (Line Drive, 7D, EV 94.4 MPH)
|
| Bottom of the 1st over - 1 run, 2 hits, 0 errors, 1 left on base; University of Nebraska 0 - University of Maine 1 |
| TOP OF THE 2ND |
|
University of Nebraska Cornhuskers batting - Pitching for University of Maine Black Bears : LHP Mike Dempsey
|
|
Batting: RHB Ruben Savino
|
0-0: Called Strike 0-1: Ball 1-1: Foul Ball, location: 2F 1-2: Ball 2-2: Strikes out swinging
|
|
Batting: LHB Alfonso Escalante
|
0-0: Ball 1-0: Foul Ball, location: 2F 1-1: Ground out U3 (Groundball, 3, EV 88.1 MPH)
|
|
Batting: RHB Quentin Howland
|
0-0: Called Strike 0-1: Swinging Strike 0-2: Ball 1-2: Ball 2-2: Strikes out looking
|
| Top of the 2nd over - 0 runs, 0 hits, 0 errors, 0 left on base; University of Nebraska 0 - University of Maine 1 |
| BOTTOM OF THE 2ND |
|
University of Maine Black Bears batting - Pitching for University of Nebraska Cornhuskers : RHP Du Kong
|
|
Batting: LHB Alex Vazquez
|
0-0: Called Strike 0-1: Ball 1-1: Foul Ball, location: 2F 1-2: Foul Ball, location: 2F 1-2: Ball 2-2: Strikes out swinging
|
|
Batting: RHB Dave MacAulay
|
0-0: Ball 1-0: Ground out 5-3 (Groundball, 56S, EV 83.1 MPH)
|
|
Batting: LHB John Harvey
|
0-0: Ground out U3 (Groundball, 3, EV 77.5 MPH)
|
| Bottom of the 2nd over - 0 runs, 0 hits, 0 errors, 0 left on base; University of Nebraska 0 - University of Maine 1 |
| TOP OF THE 3RD |
|
University of Nebraska Cornhuskers batting - Pitching for University of Maine Black Bears : LHP Mike Dempsey
|
|
Batting: RHB Nick Hernandes
|
0-0: Ball 1-0: DOUBLE (Line Drive, 9LM, EV 111.2 MPH)
|
|
Batting: RHB Mario Lopec
|
0-0: Swinging Strike 0-1: Called Strike 0-2: Ball 1-2: Strikes out swinging
|
|
Batting: LHB Bob Appleby
|
0-0: Ball 1-0: SINGLE (Line Drive, 78S, EV 111.2 MPH) Nick Hernandes to third Runner from 3rd tries for Home, SAFE, throw by LF to home
|
|
Batting: RHB Chris Anthony
|
0-0: Called Strike Bob Appleby steals 2nd, throwing error, E2 Bob Appleby to third 0-1: Ground out 6-3 (Groundball, 6, EV 86.9 MPH) Bob Appleby scores
|
|
Batting: RHB Zion Jones
|
0-0: Foul Ball, location: 2F 0-1: Swinging Strike 0-2: Ball 1-2: Ball 2-2: Foul Ball, location: 2F 2-2: Foul Ball, location: 2F 2-2: Ground out 4-3 (Groundball, 4, EV 86.9 MPH)
|
| Top of the 3rd over - 2 runs, 2 hits, 1 error, 0 left on base; University of Nebraska 2 - University of Maine 1 |
| BOTTOM OF THE 3RD |
|
University of Maine Black Bears batting - Pitching for University of Nebraska Cornhuskers : RHP Du Kong
|
|
Batting: RHB Geoffrey Potter
|
0-0: Ball 1-0: SINGLE (Groundball, 56S, EV 73.1 MPH) (infield hit)
|
|
Batting: RHB Wang Huan
|
0-0: Called Strike 0-1: Ball 1-1: Swinging Strike 1-2: Foul Ball, location: 2F 1-2: Ball 2-2: Foul Ball, location: 2F 2-2: Ball 3-2: Grounds into double play, 6-4-3 (Groundball, 6M, EV 104.4 MPH)
|
|
Batting: RHB Geoffrey Gonzalez
|
0-0: Swinging Strike 0-1: Swinging Strike 0-2: Ball 1-2: Strikes out swinging
|
| Bottom of the 3rd over - 0 runs, 1 hit, 0 errors, 0 left on base; University of Nebraska 2 - University of Maine 1 |
| TOP OF THE 4TH |
|
University of Nebraska Cornhuskers batting - Pitching for University of Maine Black Bears : LHP Mike Dempsey
|
|
Batting: RHB Salvador Guillen
|
0-0: Ball 1-0: Foul Ball, location: 2F 1-1: Foul Ball, location: 2F 1-2: Ball 2-2: Strikes out swinging
|
|
Batting: RHB Ruben Savino
|
0-0: Ball 1-0: Called Strike 1-1: Foul Ball, location: 2F 1-2: Strikes out swinging
|
|
Batting: LHB Alfonso Escalante
|
0-0: Called Strike 0-1: Swinging Strike 0-2: Ground out 6-3 (Groundball, P, EV 84.4 MPH)
|
| Top of the 4th over - 0 runs, 0 hits, 0 errors, 0 left on base; University of Nebraska 2 - University of Maine 1 |
| BOTTOM OF THE 4TH |
|
University of Maine Black Bears batting - Pitching for University of Nebraska Cornhuskers : RHP Du Kong
|
|
Batting: LHB Carlos Rivera
|
0-0: Called Strike 0-1: Ball 1-1: Ball 2-1: Called Strike 2-2: Strikes out looking
|
|
Batting: LHB Dave Aguilar
|
0-0: Called Strike 0-1: Called Strike 0-2: Ball 1-2: Ball 2-2: Fly out, F8 (Flyball, 78D, EV 105.6 MPH)
|
|
Batting: SHB Mario Barajas
|
0-0: Ground out 4-3 (Groundball, 4, EV 97.5 MPH)
|
| Bottom of the 4th over - 0 runs, 0 hits, 0 errors, 0 left on base; University of Nebraska 2 - University of Maine 1 |
| TOP OF THE 5TH |
|
University of Nebraska Cornhuskers batting - Pitching for University of Maine Black Bears : LHP Mike Dempsey
|
|
Batting: RHB Quentin Howland
|
0-0: Foul Ball, location: 2F 0-1: Ball 1-1: Swinging Strike 1-2: Ball 2-2: Strikes out swinging
|
|
Batting: RHB Nick Hernandes
|
0-0: Foul Ball, location: 2F 0-1: Ball 1-1: Swinging Strike 1-2: Ball 2-2: Foul Ball, location: 2F 2-2: Ground out 4-3 (Groundball, 4S, EV 85.0 MPH)
|
|
Batting: RHB Mario Lopec
|
0-0: Ball 1-0: Fly out, F9 (Flyball, 9LM, EV 86.2 MPH)
|
| Top of the 5th over - 0 runs, 0 hits, 0 errors, 0 left on base; University of Nebraska 2 - University of Maine 1 |
| BOTTOM OF THE 5TH |
|
University of Maine Black Bears batting - Pitching for University of Nebraska Cornhuskers : RHP Du Kong
|
|
Batting: LHB Alex Vazquez
|
0-0: Fly out, F6 (Popup, 6D, EV 47.5 MPH)
|
|
Batting: RHB Dave MacAulay
|
0-0: Foul Ball, location: 2F 0-1: Ball 1-1: Ground out 6-3 (Groundball, 6, EV 85.0 MPH)
|
|
Batting: LHB John Harvey
|
0-0: Fly out, F3 (Popup, 34, EV 63.1 MPH)
|
| Bottom of the 5th over - 0 runs, 0 hits, 0 errors, 0 left on base; University of Nebraska 2 - University of Maine 1 |
| TOP OF THE 6TH |
|
University of Nebraska Cornhuskers batting - Pitching for University of Maine Black Bears : LHP Mike Dempsey
|
|
Batting: LHB Bob Appleby
|
0-0: Ball 1-0: Ball 2-0: Ball 3-0: Called Strike 3-1: Swinging Strike 3-2: Foul Ball, location: 2F 3-2: Strikes out swinging
|
|
Batting: RHB Chris Anthony
|
0-0: Ground out 5-3 (Groundball, 5, EV 79.4 MPH)
|
|
Batting: RHB Zion Jones
|
0-0: Foul Ball, location: 2F 0-1: Fly out, F8 (Flyball, 8RD, EV 100.0 MPH)
|
| Top of the 6th over - 0 runs, 0 hits, 0 errors, 0 left on base; University of Nebraska 2 - University of Maine 1 |
| BOTTOM OF THE 6TH |
|
University of Maine Black Bears batting - Pitching for University of Nebraska Cornhuskers : RHP Du Kong
|
|
Batting: RHB Geoffrey Potter
|
0-0: Foul Ball, location: 2F 0-1: Ground out 5-3 (Groundball, 5S, EV 83.1 MPH)
|
|
Batting: RHB Wang Huan
|
0-0: Ball 1-0: Foul Ball, location: 2F 1-1: TRIPLE (Line Drive, 9LD, EV 105.0 MPH)
|
|
Batting: RHB Geoffrey Gonzalez
|
0-0: Ball 1-0: SINGLE (Groundball, 56, EV 98.8 MPH) Wang Huan scores
|
|
Batting: LHB Carlos Rivera
|
0-0: Called Strike 0-1: Foul Ball, location: 2F 0-2: Strikes out swinging
|
|
Batting: LHB Dave Aguilar
|
0-0: Ball 1-0: Swinging Strike 1-1: Called Strike Geoffrey Gonzalez is caught stealing 2nd base 2-6
|
| Bottom of the 6th over - 1 run, 2 hits, 0 errors, 0 left on base; University of Nebraska 2 - University of Maine 2 |
| TOP OF THE 7TH |
|
University of Nebraska Cornhuskers batting - Pitching for University of Maine Black Bears : LHP Mike Dempsey
|
|
Pitching: LHP Al Sisneros
|
|
|
Batting: RHB Salvador Guillen
|
0-0: Called Strike 0-1: Foul Ball, location: 2F 0-2: Ball 1-2: Foul Ball, location: 2F 1-2: Ball 2-2: Ball 3-2: Foul Ball, location: 2F 3-2: Foul Ball, location: 2F 3-2: Ground out 6-3 (Groundball, 6, EV 108.1 MPH)
|
|
Batting: RHB Ruben Savino
|
0-0: Ball 1-0: Ball 2-0: Ball 3-0: Called Strike 3-1: Base on Balls
|
|
Batting: LHB Alfonso Escalante
|
|
|
Batting: LHB Kevin Brannon
|
0-0: Ball 1-0: Ball 2-0: Called Strike 2-1: Fly out, F6 (Popup, 6MS, EV 69.4 MPH)
|
|
Pinch Hitting: RHB Robby Arce
|
0-0: Swinging Strike 0-1: Swinging Strike 0-2: Strikes out swinging
|
| Top of the 7th over - 0 runs, 0 hits, 0 errors, 1 left on base; University of Nebraska 2 - University of Maine 2 |
| BOTTOM OF THE 7TH |
|
University of Maine Black Bears batting - Pitching for University of Nebraska Cornhuskers : RHP Du Kong
|
|
Now at SS: Rob Bryan
|
|
|
Batting: LHB Dave Aguilar
|
0-0: Ball 1-0: Foul Ball, location: 2F 1-1: Called Strike 1-2: Strikes out swinging, 2-3 out at first.
|
|
Batting: SHB Mario Barajas
|
0-0: Ball 1-0: Fly out, F9 (Flyball, 9D, EV 97.5 MPH)
|
|
Batting: LHB Alex Vazquez
|
0-0: Foul Ball, location: 2F 0-1: Swinging Strike 0-2: Ball 1-2: Strikes out swinging
|
| Bottom of the 7th over - 0 runs, 0 hits, 0 errors, 0 left on base; University of Nebraska 2 - University of Maine 2 |
| TOP OF THE 8TH |
|
University of Nebraska Cornhuskers batting - Pitching for University of Maine Black Bears : LHP Al Sisneros
|
|
Pitching: RHP Ben Kasim
|
|
|
Pinch Hitting: SHB Gary Luckwell
|
0-0: Ball 1-0: Ground out 6-3 (Groundball, 6MS, EV 92.5 MPH)
|
|
Pinch Hitting: LHB Avicenna Abdul-Muta'al
|
0-0: Swinging Strike 0-1: Swinging Strike 0-2: Ball 1-2: Foul Ball, location: 2F 1-2: DOUBLE (Groundball, 3L, EV 104.4 MPH)
|
|
Batting: LHB Bob Appleby
|
0-0: Ground out 4-3 (Groundball, 4, EV 109.4 MPH) Avicenna Abdul-Muta'al to third
|
|
Pinch Hitting: RHB Aidan Collet
|
0-0: Swinging Strike 0-1: Ball 1-1: Swinging Strike 1-2: Foul Ball, location: 2F 1-2: Ball 2-2: Ball 3-2: Foul Ball, location: 2F 3-2: Strikes out swinging
|
| Top of the 8th over - 0 runs, 1 hit, 0 errors, 1 left on base; University of Nebraska 2 - University of Maine 2 |
| BOTTOM OF THE 8TH |
|
University of Maine Black Bears batting - Pitching for University of Nebraska Cornhuskers : RHP Du Kong
|
|
Pitching: RHP Santos Arevalo
|
|
|
Now at C: Will England
|
|
|
Now at 2B: Gary Luckwell
|
|
|
Now in CF: Andy Henn
|
|
|
Pinch Hitting: LHB John Bergeron
|
0-0: Foul Ball, location: 2F 0-1: Ball 1-1: Swinging Strike 1-2: Strikes out swinging
|
|
Batting: LHB John Harvey
|
0-0: Called Strike 0-1: Foul Ball, location: 2F 0-2: Ball 1-2: Strikes out swinging
|
|
Pinch Hitting: RHB Rewa Havika
|
0-0: Called Strike 0-1: Swinging Strike 0-2: Strikes out looking
|
| Bottom of the 8th over - 0 runs, 0 hits, 0 errors, 0 left on base; University of Nebraska 2 - University of Maine 2 |
| TOP OF THE 9TH |
|
University of Nebraska Cornhuskers batting - Pitching for University of Maine Black Bears : RHP Ben Kasim
|
|
Now at C: Julio Villanueva
|
|
|
Now at 3B: Geoffrey Gonzalez
|
|
|
Now at SS: Travis Whitby
|
|
|
Pinch Hitting: RHB David Arevalo
|
0-0: Ball 1-0: Called Strike 1-1: Foul Ball, location: 2F 1-2: Foul Ball, location: 2F 1-2: Ball 2-2: Ball 3-2: Base on Balls
|
|
Batting: RHB Salvador Guillen
|
0-0: Called Strike 0-1: Foul Ball, location: 2F 0-2: Foul Ball, location: 2F 0-2: Ball 1-2: Strikes out swinging
|
|
Pinch Hitting: LHB Stu Proulx
|
0-0: Foul Ball, location: 2F 0-1: Foul Ball, location: 2F 0-2: Ball 1-2: Fielders Choice at 2nd, 1-6 (Groundball, 13S, EV 68.8 MPH)
|
|
Pitching: RHP Daniel Graves
|
|
|
Batting: SHB Kent Worboys
|
0-0: Fly out, F8 (Line Drive, 8RM, EV 94.4 MPH)
|
| Top of the 9th over - 0 runs, 0 hits, 0 errors, 1 left on base; University of Nebraska 2 - University of Maine 2 |
| BOTTOM OF THE 9TH |
|
University of Maine Black Bears batting - Pitching for University of Nebraska Cornhuskers : RHP Santos Arevalo
|
|
Now at 3B: Tim Bond
|
|
|
Now in RF: Stu Proulx
|
|
|
Batting: RHB Wang Huan
|
0-0: Ball 1-0: Swinging Strike 1-1: Ball 2-1: SINGLE (Line Drive, 4M, EV 101.2 MPH)
|
|
Batting: RHB Geoffrey Gonzalez
|
0-0: Sac Bunt to 15 - play at first, batter OUT! 1-3 Wang Huan to second
|
|
Pinch Hitting: RHB Frank Gould
|
0-0: Intentional Walk
|
|
Batting: RHB Justin Degon
|
0-0: Called Strike 0-1: Called Strike 0-2: Fielders Choice at 2nd, 5-4 (Groundball, 5, EV 99.4 MPH) Wang Huan to third
|
|
Pinch Hitting: LHB John Knox
|
0-0: Ball 1-0: Foul Ball, location: 2F 1-1: Called Strike 1-2: Ball 2-2: Strikes out looking
|
| Bottom of the 9th over - 0 runs, 1 hit, 0 errors, 2 left on base; University of Nebraska 2 - University of Maine 2 |
| TOP OF THE 10TH |
|
University of Nebraska Cornhuskers batting - Pitching for University of Maine Black Bears : RHP Daniel Graves
|
|
Now at 1B: Mark Cozens
|
|
|
Now in RF: Osmo Leino
|
|
|
Pinch Hitting: RHB Jason Blakeley
|
0-0: Swinging Strike 0-1: Foul Ball, location: 2F 0-2: Ball 1-2: Ball 2-2: Fly out, F5 (Line Drive, 5, EV 70.0 MPH)
|
|
Batting: SHB Gary Luckwell
|
0-0: Ball 1-0: Fly out, F7 (Flyball, 7S, EV 90.6 MPH)
|
|
Batting: SHB Andy Henn
|
0-0: Ball 1-0: Ball 2-0: Ball 3-0: Base on Balls
|
|
Pinch Hitting: RHB Tariq Garane
|
0-0: Called Strike Andy Henn steals 2nd base 0-1: Ball 1-1: Intentional Walk
|
|
Pinch Hitting: RHB Jeremy Weaver
|
0-0: Called Strike 0-1: Ball 1-1: Foul Ball, location: 2F 1-2: Ball 2-2: Reached on error, E6 (Groundball, 6M, EV 91.2 MPH) Andy Henn to third Tariq Garane to second
|
|
Batting: RHB Tim Bond
|
0-0: Ball 1-0: Ball 2-0: Ball 3-0: Base on Balls Andy Henn scores Tariq Garane to third Jeremy Weaver to second
|
|
Batting: RHB Salvador Guillen
|
0-0: Ball 1-0: Ground out 4-3 (Groundball, 34, EV 81.2 MPH)
|
| Top of the 10th over - 1 run, 0 hits, 1 error, 3 left on base; University of Nebraska 3 - University of Maine 2 |
| BOTTOM OF THE 10TH |
|
University of Maine Black Bears batting - Pitching for University of Nebraska Cornhuskers : RHP Santos Arevalo
|
|
Pitching: RHP Frank Saslove
|
|
|
Now at C: Lupe Garcia
|
|
|
Now at SS: Tariq Garane
|
|
|
Now in LF: Mike Rawson
|
|
|
Pinch Hitting: LHB Ed Leighton
|
0-0: Called Strike 0-1: Ball 1-1: Ball 2-1: Foul Ball, location: 2F 2-2: Ball 3-2: Foul Ball, location: 2F 3-2: Base on Balls
|
|
Batting: RHB Travis Whitby
|
0-0: Bunt missed! 0-1: Bunt missed! 0-2: Strikes out swinging
|
|
Pinch Hitting: RHB Bryan Douglas
|
0-0: Ball 1-0: Called Strike 1-1: Called Strike 1-2: Ball 2-2: Fly out, F1 (Line Drive, P, EV 73.1 MPH)
|
|
Pinch Hitting: RHB Scott Snyder
|
0-0: Foul Ball, location: 2F 0-1: Swinging Strike 0-2: Ball 1-2: Foul Ball, location: 2F 1-2: Ball 2-2: Ball 3-2: Ground out 6-3 (Groundball, 56, EV 105.0 MPH)
|
| Bottom of the 10th over - 0 runs, 0 hits, 0 errors, 1 left on base; University of Nebraska 3 - University of Maine 2 |
|